Map: Lightshade LE

Players

Serral

  • Race: Zerg Zerg
  • League: Grandmaster
  • Spawn Location: 5:00

ShoWTimE - Winner!

  • Race: Protoss Protoss
  • League: Master
  • Spawn Location: 11:00

Event: ASUS ROG Online 2020

VOD

https://youtu.be/_tKrxlE21ps

Description

Time

  • Played on: Nov. 28, 2020, 1:38 p.m.
  • Length: 13:25

All games in this series

Show
View Real Time Build Order
Export as new Build Order

Serral Zerg 

Build Orders: Hatch First 

Get SALT Encoding   

  12  0:00  Drone  
  13  0:11  Overlord  
  13  0:16  Drone  
  14  0:30  Drone x2  
  16  0:36  Drone  
  17  0:50  Hatchery  
  17  0:54  Drone  
  17  0:57  Drone  
  17  1:03  Extractor  
  17  1:12  Spawning Pool  
  17  1:15  Drone  
  17  1:18  Drone  
  18  1:27  Drone  
  19  1:38  Drone  
  20  1:48  Overlord  
  20  1:58  Queen  
  22  2:03  Queen  
  22  2:04  Zergling x4  
  22  2:05  Metabolic Boost  
  26  2:10  Drone  
  26  2:13  Drone  
  28  2:20  Drone  
  29  2:24  Drone  
  30  2:31  Drone  
  30  2:34  Drone  
  32  2:42  Hatchery  
  31  2:47  Queen  
  31  2:51  Overlord  
  33  2:55  Drone  
  33  2:57  Zergling x2  
  35  2:59  Drone  
  35  3:12  Drone x4  
  39  3:13  Overlord  
  39  3:15  Drone  
  41  3:20  Drone  
  41  3:23  Queen  
  43  3:32  Extractor  
  43  3:33  Drone x2  
  44  3:34  Roach Warren  
  44  3:35  Drone  
  44  3:38  Drone  
  44  3:39  Drone x2  
  47  3:47  Drone  
  48  3:51  Overlord  
  48  3:54  Queen  
  50  3:55  Drone x2  
  50  3:57  Drone  
  50  3:58  Zergling x2  
  50  4:02  Overlord  
  54  4:08  Zergling x4  
  54  4:09  Spine Crawler  
  55  4:15  Roach x3  
  60  4:18  Roach  
  60  4:23  Zergling x2  
  60  4:24  Zergling x4  
  65  4:26  Zergling x2  
  65  4:29  Overlord  
  66  4:34  Overlord  
  66  4:36  Zergling x4  
  66  4:37  Zergling x2  
  69  4:38  Spore Crawler  
  69  4:41  Ravager  
  69  4:42  Overlord, Ravager x2  
  69  4:44  Zergling x2  
  72  4:52  Zergling x2  
  73  4:54  Overlord, Spore Crawler  
  73  4:55  Spore Crawler  
  73  4:59  Zergling x6  
  74  5:04  Ravager  
  74  5:05  Roach x2  
  79  5:10  Roach  
  79  5:11  Zergling x4  
  79  5:13  Drone  
  84  5:16  Drone x2  
  84  5:19  Drone  
  84  5:21  Drone x2  
  89  5:25  Lair  
  89  5:30  Drone x3  
  89  5:32  Drone  
  89  5:35  Overlord  
  91  5:37  Drone  
  88  5:43  Drone x2  
  88  5:44  Extractor, Evolution Chamber  
  88  5:47  Baneling Nest  
  88  5:49  Overlord  
  87  5:51  Drone  
  87  5:52  Drone  
  87  5:54  Drone  
  87  5:56  Overlord  
  90  5:57  Drone  
  90  6:00  Drone  
  90  6:01  Drone x2  
  94  6:05  Drone x2  
  94  6:09  Overlord  
  96  6:12  Zerg Melee Weapons Level 1  
  96  6:13  Drone x2  
  96  6:14  Extractor  
  96  6:16  Roach  
  99  6:18  Drone  
  99  6:19  Drone x3  
  99  6:23  Drone  
  99  6:24  Glial Reconstitution, Overseer  
  103  6:27  Extractor x2  
  103  6:31  Drone  
  103  6:32  Drone x2  
  104  6:36  Overlord  
  104  6:39  Drone x4  
  110  6:40  Roach x2  
  110  6:47  Drone x5  
  100  6:53  Drone x2  
  105  6:58  Hatchery  
  104  7:01  Drone x2  
  104  7:06  Centrifical Hooks  
  106  7:09  Drone x2  
  106  7:12  Drone  
  108  7:17  Roach x3  
  108  7:22  Ravager x6  
  122  7:30  Roach x4  
  122  7:33  Overlord  
  122  7:34  Overlord  
  122  7:36  Baneling x5  
  128  7:38  Overlord  
  128  7:43  Overlord  
  129  7:51  Zergling x2  
  129  7:53  Drone x7  
  129  7:54  Drone  
  129  7:55  Ravager  
  129  7:56  Ravager  
  129  7:58  Baneling x2  
  139  7:59  Zergling x2, Baneling x3  
  139  8:01  Zergling x6  
  143  8:06  Zergling x6, Roach x2  
  143  8:10  Baneling x2  
  151  8:13  Ravager x3  
  151  8:18  Overlord  
  151  8:19  Zerg Melee Weapons Level 2  
  153  8:21  Zergling x12  
  153  8:25  Baneling x3  
  153  8:26  Overlord  
  157  8:35  Zergling x20  
  157  8:37  Baneling x5  
  166  8:45  Zergling x10  
  170  8:50  Baneling x10  
  170  8:54  Overlord x2, Drone  
  170  8:55  Baneling x5  
  171  8:57  Baneling  
  171  8:58  Zergling x8  
  175  9:03  Zergling x8  
  175  9:05  Baneling x4  
  179  9:12  Zergling x6  
  179  9:13  Zergling x8  
  179  9:15  Baneling x6  
  186  9:22  Zergling x2  
  186  9:23  Zergling x12  
  188  9:33  Baneling x4  
  188  9:34  Baneling x6  
  186  9:40  Zergling x16  
  186  9:41  Zergling x6  
  195  9:49  Zergling x2, Infestation Pit  
  195  9:50  Zergling x8  
  193  9:54  Baneling x9  
  193  9:56  Zergling x6  
  187  10:02  Baneling  
  187  10:03  Zergling x10  
  191  10:10  Extractor  
  191  10:11  Hatchery  
  191  10:12  Drone x2  
  191  10:13  Drone x2  
  191  10:24  Zergling x18  
  199  10:29  Hive  
  199  10:32  Baneling x10  
  199  10:35  Zerg Missile Weapons Level 1  
  197  10:52  Drone x6  
  197  10:56  Spine Crawler  
  196  10:57  Baneling x7  
  196  10:59  Drone x4  
  196  11:02  Evolution Chamber  
  196  11:04  Spire  
  193  11:13  Zergling x22  
  193  11:14  Zergling x10  
  199  11:19  Zergling x2  
  199  11:21  Baneling  
  199  11:22  Baneling x6  
  195  11:47  Baneling x7  
  195  11:52  Zergling x32  
  199  12:01  Zergling x24  
  183  12:07  Zergling x18  
  157  12:11  Baneling x12  
  157  12:14  Ravager x2  
  157  12:15  Baneling x4  
  158  12:16  Zergling x10  
  158  12:17  Zergling x2  
  160  12:24  Zergling x6  
  149  12:32  Zergling x12  
  149  12:36  Zergling x2  
  127  12:41  Baneling x6  
  127  12:43  Roach x3  
  128  12:49  Roach x3  
  125  12:53  Roach  
  125  12:57  Roach x3  
  108  12:59  Roach x2  
  108  13:04  Roach x2  
  105  13:10  Ravager x3  
Show
View Real Time Build Order
Export as new Build Order

ShoWTimE Protoss - Winner!

Build Orders: 1 Gate Expand, Mass Adepts 

Get SALT Encoding   

  12  0:00  Probe  
  13  0:12  Probe  
  14  0:20  Pylon  
  14  0:24  Probe  
  15  0:38  Probe (Chrono Boost)  
  15  0:42  Gateway  
  16  0:48  Probe (Chrono Boost)  
  17  0:50  Assimilator  
  17  0:53  Probe (Chrono Boost)  
  18  1:04  Probe  
  19  1:16  Probe  
  20  1:26  Nexus  
  20  1:36  Cybernetics Core  
  20  1:39  Probe  
  21  1:46  Assimilator  
  21  1:51  Probe  
  22  1:54  Pylon  
  22  2:03  Probe  
  23  2:10  Adept (Chrono Boost)  
  23  2:11  Probe  
  23  2:13  Warp Gate  
  26  2:19  Probe  
  26  2:29  Probe  
  27  2:31  Twilight Council  
  27  2:32  Stalker (Chrono Boost)  
  30  2:39  Probe  
  30  2:41  Probe  
  32  2:51  Probe  
  33  2:53  Probe  
  33  2:55  Robotics Facility  
  34  3:03  Probe (Chrono Boost)  
  35  3:07  Probe (Chrono Boost)  
  35  3:08  Gateway  
  36  3:14  Resonating Glaives (Chrono Boost)  
  36  3:15  Probe (Chrono Boost)  
  38  3:22  Adept  
  38  3:23  Probe x2 (Chrono Boost)  
  41  3:30  Gateway, Probe  
  41  3:31  Probe  
  43  3:39  Pylon  
  43  3:42  Warp Prism (Chrono Boost), Probe  
  46  3:52  Assimilator  
  46  3:54  Assimilator  
  46  3:58  Pylon, Probe x2  
  48  4:04  Adept x2  
  52  4:10  Probe  
  53  4:18  Robotics Bay  
  53  4:19  Probe  
  53  4:22  Probe  
  55  4:26  Adept x3  
  55  4:30  Pylon  
  61  4:34  Probe  
  62  4:39  Pylon  
  62  4:48  Observer (Chrono Boost), Probe  
  62  4:49  Adept x3  
  70  4:54  Pylon  
  70  5:06  Gravitic Drive, Probe, Disruptor (Chrono Boost)  
  71  5:12  Pylon  
  74  5:15  Adept x2  
  74  5:16  Adept  
  80  5:31  Pylon  
  80  5:32  Disruptor (Chrono Boost)  
  83  5:37  Nexus  
  83  5:38  Probe x2  
  79  5:50  Probe (Chrono Boost)  
  79  5:52  Shield Battery  
  79  5:53  Probe (Chrono Boost)  
  81  6:01  Immortal (Chrono Boost)  
  81  6:03  Probe (Chrono Boost)  
  87  6:06  Sentry x3  
  87  6:08  Probe (Chrono Boost)  
  87  6:09  Pylon, Probe (Chrono Boost)  
  94  6:15  Probe  
  94  6:17  Probe  
  96  6:22  Forge  
  96  6:26  Pylon  
  96  6:27  Probe  
  96  6:29  Probe  
  98  6:36  Colossus (Chrono Boost)  
  98  6:39  Probe  
  105  6:41  Probe  
  105  6:45  Blink  
  106  6:48  Protoss Ground Weapons Level 1 (Chrono Boost)  
  106  6:50  Probe  
  106  6:51  Probe  
  106  6:52  Assimilator  
  106  6:53  Extended Thermal Lance, Probe  
  109  7:05  Gateway x2  
  109  7:08  Gateway  
  109  7:15  Gateway  
  109  7:17  Assimilator  
  109  7:18  Gateway, Colossus (Chrono Boost)  
  115  7:32  Probe x3  
  115  7:33  Pylon  
  115  7:34  Sentry x3  
  124  7:39  Photon Cannon  
  124  7:42  Photon Cannon  
  124  7:44  Pylon  
  124  7:58  Stalker x3  
  124  7:59  Stalker x2  
  124  8:01  Pylon  
  124  8:02  Stalker  
  136  8:11  Stalker  
  136  8:12  Stalker  
  140  8:15  Pylon  
  140  8:19  Pylon  
  140  8:26  Stalker x3  
  146  8:29  Zealot x3  
  144  8:37  Adept x2  
  146  8:53  Stalker x3  
  146  8:54  Stalker x3  
  158  8:57  Pylon  
  158  8:58  Stalker  
  158  8:59  Stalker  
  162  9:09  Pylon  
  162  9:17  Pylon  
  162  9:18  Stalker  
  158  9:25  Sentry x3  
  158  9:26  Stalker x4  
  172  9:32  Probe  
  173  9:42  Adept  
  175  9:46  Protoss Ground Weapons Level 2 (Chrono Boost)  
  175  9:49  Adept x4  
  175  10:02  Charge (Chrono Boost)  
  175  10:12  Pylon, Cybernetics Core  
  175  10:13  Disruptor (Chrono Boost)  
  175  10:14  Templar Archives, Gateway  
  178  10:23  Nexus  
  178  10:25  Pylon  
  178  10:31  Pylon  
  178  10:35  Pylon  
  178  10:39  Colossus (Chrono Boost)  
  184  10:47  Zealot x4  
  188  11:03  High Templar x2  
  192  11:07  Archon, Gateway  
  192  11:08  Gateway  
  192  11:10  High Templar x3  
  192  11:11  High Templar  
  184  11:14  Archon  
  184  11:16  Archon  
  183  11:20  Photon Cannon  
  183  11:38  High Templar x2  
  183  11:39  Zealot  
  189  11:41  Zealot  
  189  11:42  Archon  
  187  11:47  Zealot x4  
  143  12:10  Zealot x8  
  112  12:37  Zealot x4  
  112  12:38  Zealot x4  
  99  13:02  Stalker x3  
  99  13:03  Stalker x2  
  99  13:05  Zealot x2  
Tags
 
Add a new tag
Caveats
  • Supply blocks, unpowered buildings, or Contaminate may cause inaccurate times.
  • Supply counts are checked every 10 seconds.